 Dungeon Crawl Stone Soup version 0.28-a0-2-g643f2454ad (webtiles) character file.

Game seed: 4556857565584333976

3549 Gwenloh the Spear-Bearer (level 10, -9/76 (77) HPs)
             Began as a Merfolk Gladiator on July 22, 2021.
             Was an Initiate of Wu Jian.
             Mangled by a wyvern (13 damage)
             ... on level 7 of the Dungeon.
             The game lasted 00:35:25 (9655 turns).

Gwenloh the Spear-Bearer (Merfolk Gladiator)        Turns: 9655, Time: 00:35:26

HP:   -9/76 (77)    AC:  9    Str: 14    XL:     10   Next: 9%
MP:   10/10         EV: 17    Int:  7    God:    Wu Jian [......]
Gold: 375           SH:  0    Dex: 20    Spells: 9/9 levels left

rFire   + . .      SeeInvis .   a - +1 trident
rCold   . . .      Faith    .   (no shield)
rNeg    . . .      Spirit   .   y - +3 leather armour
rPois   .          Reflect  .   c - +0 helmet
rElec   .          Harm     .   z - +0 cloak
rCorr   .          Rampage  .   v - +0 pair of gloves
Will    +....                   (no boots)
Stlth   +.........              (no amulet)
HPRegen 0.22/turn               i - ring of willpower
MPRegen 0.12/turn               e - ring of protection from fire

@: mighty, marked, lightly drained
A: (nimble swimmer 2), mertail
a: Renounce Religion


You were on level 7 of the Dungeon.
You worshipped Wu Jian.
Wu Jian was noncommittal.
You visited 2 branches of the dungeon, and saw 8 of its levels.

You collected 375 gold pieces.

Inventory:

Hand Weapons
 a - a +1 trident (weapon)
Missiles
 d - 6 curare-tipped darts
 g - 257 stones (quivered)
 u - 4 atropa-tipped darts
Armour
 b - a +0 leather armour
 c - a +0 helmet (worn)
 q - a +0 ring mail
 v - a +0 pair of gloves (worn)
 y - a +3 leather armour (worn)
 z - a +0 cloak (worn)
Jewellery
 e - a ring of protection from fire (right hand)
 i - a ring of willpower (left hand)
 n - a ring of wizardry
 s - a ring of positive energy
Scrolls
 h - a scroll of fear
 o - 5 scrolls of amnesia
 p - 2 scrolls of enchant armour
 t - a scroll of teleportation {unknown}
 w - a scroll of torment {unknown}
Potions
 f - 4 potions of curing
 j - 2 potions of magic {unknown}
 k - a potion of invisibility {unknown}
 l - a potion of degeneration {unknown}
 m - 3 potions of might
 r - 2 potions of mutation {unknown}
 x - a potion of ambrosia {unknown}
 A - 2 potions of lignification {unknown}
 B - a potion of resistance {unknown}
 C - a potion of haste {unknown}


   Skills:
 + Level 6.7 Fighting
 - Level 14.0 Polearms
 + Level 6.1 Throwing
 + Level 8.7 Dodging


You had 9 spell levels left.
You didn't know any spells.
Your spell library contained the following spells:

 Spells                   Type           Power      Damage    Failure   Level
 Ensorcelled Hibernation  Hex/Ice        0%         N/A       65%         2
 Conjure Flame            Conj/Fire      0%         6-21      87%         3
 Ignite Poison            Fire/Tmut/Pois 0%         N/A       87%         3
 Spider Form              Tmut/Pois      0%         N/A       87%         3
 Stone Arrow              Conj/Erth      0%         3d7       87%         3
 Animate Armour           Summ/Erth      0%         N/A       99%         4
 Sticky Flame             Conj/Fire      0%         2d3       99%         4
 Shadow Creatures         Summ           N/A        N/A       100%        6
 Lehudib's Crystal Spear  Conj/Erth      0%         10d2      100%        8


Dungeon Overview and Level Annotations

Branches:
Dungeon (7/15)             Temple (1/1) D:7

Altars:
Ashenzari
Cheibriados
Dithmenos
Elyvilon
Fedhas
Gozag
Hepliaklqana
Kikubaaqudgha
Makhleb
Nemelex Xobeh
Okawaru
Qazlal
Ru
Sif Muna
Trog
Uskayaw
Vehumet
Wu Jian
Xom
Yredelemnul
Zin
The Shining One

Shops:
D:5 [(

Annotations:
D:4 2 runed translucent doors, Gwenloh's ghost, amateur DrCj
D:7 Harold; Maggie


Innate Abilities, Weirdness & Mutations

((You are quick and stealthy near water. (Stealth+, EV+, Speed+++)))
Your lower body shifts to a powerful aquatic tail in water.


Message History

Harold is moderately wounded.
You feel sick.
Maggie gestures wildly while chanting.
Maggie attempts to bespell you! You resist with some effort.
You barely miss Harold.
Harold is moderately wounded.
You feel sick.
Maggie zaps a wand.
You resist with almost no effort. Harold closely misses you.
You feel sick. Maggie casts a spell at you. The bolt of fire hits you!
You resist. Harold barely misses you.
You feel sick.
You are no longer poisoned.
Maggie casts a spell.
Maggie attempts to bespell you!
You are mesmerised by Maggie!
Harold casts a spell at you.
You barely resist.
As you read the scroll of fear, it crumbles to dust.
You assume a fearsome visage.
Maggie looks frightened!
Harold looks frightened!
You are no longer entranced.
Cornered, Maggie turns to fight!
Maggie says, "How do the people who live here stand the isolation?"
Harold looks scared stiff.
Maggie casts a spell at you. The bolt of fire hits you! You resist.
* * * LOW HITPOINT WARNING * * *
Maggie gives herself a magical halo, but it quickly sputters out.
Cornered, Harold turns to fight!
Maggie gestures wildly while chanting.
Maggie attempts to bespell you! You resist with almost no effort.
Maggie casts a spell.
Maggie attempts to bespell you! You resist with almost no effort.
The wyvern hisses menacingly.
The wyvern bites you!
* * * LOW HITPOINT WARNING * * *
It was a potion of might.
You feel very mighty all of a sudden. The wyvern bites you!
You die...

.....#.........##...#.......###.#
.....#........@##...#.......##...
.#..................+.......#####
#......######..#...#...........#
#......## #..#...#...........+
#.......# #...#.##...........#
##.......# #..................#
...###...#######l#.#........#####
...............#@#)#.#.###### #
...###########.#.#.#.#.##...# #
.......... ..#.#.#.#)#.##...# #
'#.####### #.#.#.#.#.#)##...# #
..)..#######.#.#...#.#.##...# ###
...............).....#.##...# #..
.....#######.#)##..###.#....# #..
.....# #.#.........#....# #..
.##### #...........#.##.###.#


You could see Maggie and a wyvern.

Vanquished Creatures
  Grinder (D:6)
  A meliai zombie (D:5)
  A yak (D:4)
  Menkaure (D:6)
  A black bear (D:6)
  2 necrophages
  3 ice beasts
  A sky beast (D:6)
  3 ogres
  4 centaurs
  A phantom (D:5)
  A kobold brigand (D:5)
  4 scorpions (D:4)
  3 bullfrogs
  A water moccasin skeleton (D:5)
  5 wights (D:7)
  4 orc priests
  A centaur skeleton (D:5)
  5 hounds
  2 gnoll shamans
  3 jellies
  3 iguanas
  5 orc wizards
  4 adders
  7 gnolls
  A howler monkey skeleton (D:5)
  A shadow imp (D:6)
  2 white imps (D:6)
  4 dart slugs
  23 orcs
  6 ball pythons
  6 endoplasms
  4 giant cockroaches
  8 goblins
  6 hobgoblins
  4 jackals
  2 kobolds (D:1)
  6 quokkas
  4 bats
  3 frilled lizards
  8 rats
155 creatures vanquished.

Notes
Turn   | Place    | Note
-------+----------+-------------------------------------------
     0 | D:1      | Gwenloh the Merfolk Gladiator began the quest for the Orb.
     0 | D:1      | Reached XP level 1. HP: 16/16 MP: 1/1
   217 | D:1      | Reached skill level 5 in Polearms
   220 | D:1      | Reached XP level 2. HP: 20/22 MP: 2/2
   512 | D:1      | Reached skill level 6 in Polearms
   512 | D:1      | Reached XP level 3. HP: 27/27 MP: 3/3
  1494 | D:3      | Reached XP level 4. HP: 33/33 MP: 4/4
  1506 | D:3      | Reached skill level 7 in Polearms
  1870 | D:3      | Reached skill level 8 in Polearms
  1870 | D:3      | Reached XP level 5. HP: 38/38 MP: 5/5
  2324 | D:4      | Reached skill level 9 in Polearms
  2634 | D:4      | Noticed a necrophage
  2656 | D:4      | Killed a necrophage
  2657 | D:4      | Reached skill level 10 in Polearms
  2657 | D:4      | Reached XP level 6. HP: 23/44 MP: 6/6
  3095 | D:4      | Reached XP level 7. HP: 47/50 MP: 7/7
  3340 | D:4      | Reached skill level 11 in Polearms
  3628 | D:4      | Found a large runed translucent door.
  3628 | D:4      | Found a large runed translucent door.
  3634 | D:4      | Noticed Gwenloh's ghost (amateur DrCj)
  3797 | D:5      | Entered Level 5 of the Dungeon
  3978 | D:5      | Found Sisku's Armour Emporium.
  4008 | D:5      | Reached skill level 12 in Polearms
  4182 | D:5      | Reached skill level 13 in Polearms
  4182 | D:5      | Reached XP level 8. HP: 6/56 MP: 8/8
  4636 | D:5      | Found Gimniaxo's Weapon Boutique.
  5075 | D:4      | Reached skill level 14 in Polearms
  5127 | D:5      | Found a shadowy altar of Dithmenos.
  5162 | D:5      | Noticed a yak
  5198 | D:4      | Killed a yak
  5376 | D:4      | Reached skill level 5 in Dodging
  5955 | D:5      | Reached XP level 9. HP: 48/65 MP: 9/9
  6367 | D:6      | Noticed Grinder
  6380 | D:6      | Killed Grinder
  6816 | D:6      | Reached skill level 5 in Fighting
  7068 | D:6      | Reached skill level 5 in Throwing
  7196 | D:6      | Noticed Menkaure
  7230 | D:6      | Killed Menkaure
  7653 | D:7      | Found a staircase to the Ecumenical Temple.
  7666 | Temple   | Entered the Ecumenical Temple
  8010 | Temple   | Became a worshipper of the Wu Jian Council
  8845 | D:7      | Noticed Harold
  9172 | D:6      | Upgraded the game from 0.27-a0-1612-gde56a17b89 to
                  | 0.28-a0-2-g643f2454ad
  9291 | D:7      | Reached XP level 10. HP: 77/77 MP: 10/10
  9628 | D:7      | Noticed Maggie
  9653 | D:7      | HP: 3/76 [wyvern (12)]
  9655 | D:7      | Mangled by a wyvern

Illustrated notes

Levels and vault maps discovered:
D:1:      giann_forest_graveyard, layout_rooms, wad_floor_pattern_untrapped
D:2:      layout_basic
D:3:      layout_basic
D:4:      layout_loops_ring, ebering_ghost_disaster_area
D:5:      layout_basic, nicolae_dithmenos_shadow_blocks, serial_shops,
          nicolae_shop_crystal, nicolae_shop_behind_doors, chequers_avenue,
          minmay_misc_feat_secret_circle, minmay_pentangle
D:6:      layout_gridville, uniq_grinder, uniq_menkaure
D:7:      layout_basic, minmay_temple_entry_grid, dk_vineyard_3, uniq_maggie,
          uniq_harold
Temple:   regret_index_temple_sigil_plot

Skill      XL: |  1  2  3  4  5  6  7  8  9 10 |
---------------+-------------------------------+-----
Polearms       | 5 6 8 10 13 14 | 14.0
Fighting       | 3 6 |  6.7
Throwing       | 3 5 6 |  6.1
Dodging        | 5 8 |  8.7

Action                   |  1- 3 |  4- 6 |  7- 9 | 10-12 || total
-------------------------+-------+-------+-------+-------++-------
Melee: Trident           |    76 |   111 |   409 |    65 ||   661
Throw: Stone             |    26 |    23 |    78 |    13 ||   140
       Boomerang         |    21 |    40 |    29 |       ||    90
       Throwing net      |       |     2 |     2 |       ||     4
       Dart              |       |       |     2 |       ||     2
Invok: Lunge             |       |       |     7 |     5 ||    12
  Use: Scroll            |       |     4 |     5 |     1 ||    10
       Potion            |       |       |       |     1 ||     1
 Stab: Held in net/web   |       |     2 |     2 |       ||     4
       Sleeping          |       |       |     1 |       ||     1
Armor: Leather armour    |     8 |     3 |    34 |     3 ||    48
       Ring mail         |       |    26 |    33 |       ||    59
Dodge: Dodged            |    22 |    46 |   158 |    24 ||   250

Table legend: (Time is in decaauts)
 A = Elapsed time spent in this place.
 B = Non-inter-level travel time spent in this place.
 C = Inter-level travel time spent in this place.
 D = Time resting spent in this place.
 E = Time spent auto-exploring this place.
 F = Levels seen in this place.
 G = Mean time per level.
                   A        B        C        D        E       F      G
               +--------+--------+--------+--------+--------+-----+--------+
         Total |   9494 |   9033 |    461 |   1624 |   5313 |   8 | 1186.8 |
       Dungeon |   9129 |   8717 |    412 |   1624 |   5000 |   7 | 1304.1 |
        Temple |    364 |    315 |     49 |      0 |    313 |   1 |  364.0 |
               +--------+--------+--------+--------+--------+-----+--------+

Top non-repeatable levels by time:
     D:4: 2275 daAuts
     D:5: 1770 daAuts
     D:6: 1608 daAuts
     D:7: 1217 daAuts
     D:1: 876 daAuts
     D:3: 776 daAuts
     D:2: 604 daAuts
  Temple: 364 daAuts
